Map: 幽暗之塔

Players

Sen

  • Race: Zerg Zerg
  • League: Master

FWHas (Has) - Winner!

  • Race: Protoss Protoss
  • League: Master

Event: 2016 WCS Winter Challenger Taiwan

VOD

Have the link to the VOD?

Description

Time

  • Played on: Jan. 8, 2016, 6:29 a.m.
  • Length: 7:27

All games in this series

Show
View Real Time Build Order
Export as new Build Order

Sen Zerg 

Build Orders: 3 Hatch before Pool 

Get SALT Encoding   

  12  0:01  Drone  
  13  0:11  Drone  
  14  0:17  Overlord  
  14  0:28  Drone, Extractor  
  15  0:36  Drone x2  
  17  0:44  Drone  
  18  0:57  Hatchery, Drone  
  18  1:07  Drone  
  19  1:21  Hatchery  
  19  1:22  Extractor  
  17  1:35  Spawning Pool  
  17  1:37  Drone  
  17  1:41  Drone  
  17  1:44  Drone  
  19  1:49  Drone  
  20  2:00  Overlord  
  20  2:09  Drone  
  20  2:10  Drone  
  22  2:21  Drone, Queen  
  25  2:25  Queen  
  25  2:29  Metabolic Boost  
  27  2:40  Queen  
  27  2:42  Zergling x2  
  30  2:45  Overlord  
  30  2:49  Drone  
  30  2:50  Drone  
  32  2:53  Drone  
  33  3:07  Drone  
  33  3:08  Drone x6  
  40  3:14  Overlord  
  40  3:16  Drone  
  41  3:26  Overlord  
  40  3:34  Lair  
  40  3:36  Zergling x10  
  40  3:37  Zergling x2  
  40  3:40  Zergling x4  
  48  3:47  Drone  
  49  3:50  Drone  
  49  3:51  Drone  
  49  3:52  Drone, Extractor  
  49  3:54  Roach Warren  
  51  3:55  Drone x2  
  51  4:00  Spore Crawler  
  51  4:01  Spore Crawler  
  49  4:05  Spore Crawler  
  49  4:08  Drone  
  48  4:10  Drone x2  
  48  4:12  Drone  
  48  4:14  Drone  
  52  4:19  Overlord x2  
  52  4:20  Drone x2  
  55  4:29  Zergling x4  
  55  4:30  Overlord  
  57  4:39  Roach x3  
  57  4:40  Roach x3  
  57  4:42  Roach  
  71  4:48  Overlord  
  71  4:50  Glial Reconstitution  
  71  4:51  Zergling x6  
  74  4:58  Queen  
  78  5:00  Roach  
  78  5:03  Roach  
  78  5:04  Zergling x2  
  80  5:09  Roach x2  
  80  5:10  Zergling x6  
  80  5:14  Zergling x6  
  84  5:22  Overlord  
  84  5:34  Overlord, Drone x4  
  84  5:35  Overlord  
  83  5:52  Roach x7  
  84  5:59  Drone x2  
  84  6:02  Drone  
  84  6:03  Drone  
  77  6:05  Drone  
  77  6:06  Drone x2  
  76  6:15  Drone x5  
  78  6:24  Drone x2  
  79  6:26  Drone x4  
  76  6:36  Drone x3  
  77  6:48  Drone x3  
  72  6:55  Extractor  
  72  7:00  Drone x6  
  77  7:04  Drone x2  
  77  7:07  Overlord x2  
Show
View Real Time Build Order
Export as new Build Order

FWHas Protoss - Winner!

Build Orders: 1 Gate Expand, Mass Adepts 

Get SALT Encoding   

  12  0:01  Probe (Chrono Boost)  
  13  0:11  Probe (Chrono Boost)  
  14  0:18  Pylon  
  14  0:22  Probe (Chrono Boost)  
  15  0:36  Probe (Chrono Boost)  
  15  0:40  Gateway  
  16  0:47  Probe (Chrono Boost)  
  16  0:49  Assimilator  
  17  0:57  Probe (Chrono Boost)  
  18  1:08  Probe (Chrono Boost)  
  18  1:10  Assimilator  
  19  1:18  Probe (Chrono Boost)  
  20  1:27  Cybernetics Core  
  20  1:41  Nexus  
  20  1:48  Pylon  
  20  1:54  Probe (Chrono Boost)  
  21  2:03  Stalker (Chrono Boost), Warp Gate  
  21  2:06  Probe  
  24  2:16  Twilight Council  
  24  2:18  Probe  
  25  2:29  Stalker (Chrono Boost)  
  27  2:31  Probe  
  28  2:43  Probe  
  29  2:54  Probe, Resonating Glaives  
  29  2:55  Probe  
  31  3:05  Probe  
  31  3:07  Mothership Core  
  34  3:13  Gateway  
  34  3:15  Gateway  
  34  3:17  Probe  
  35  3:22  Gateway  
  35  3:31  Probe  
  35  3:33  Probe, Gateway  
  37  3:40  Pylon  
  37  3:45  Probe  
  38  3:49  Pylon  
  38  3:54  Probe  
  38  3:58  Gateway  
  38  4:01  Probe  
  40  4:05  Pylon  
  40  4:15  Probe x2  
  40  4:16  Sentry  
  44  4:27  Probe x2  
  44  4:30  Adept x4  
  54  4:36  Pylon  
  54  4:38  Adept  
  56  4:40  Assimilator  
  56  4:51  Adept x4  
  64  4:52  Adept  
  64  4:57  Adept  
  68  5:13  Adept  
  68  5:14  Adept x4  
  72  5:15  Probe  
  72  5:16  Probe  
  76  5:25  Pylon  
  76  5:32  Probe  
  76  5:34  Probe  
  78  5:36  Assimilator  
  78  5:44  Dark Shrine  
  78  5:52  Probe  
  78  5:53  Probe  
  74  6:02  Adept x4  
  80  6:05  Probe  
  71  6:14  Probe  
  60  6:36  Adept x6  
  66  6:50  Pylon  
  66  6:57  Dark Templar x2  
  66  6:58  Probe, Dark Templar  
  66  6:59  Probe  
  66  7:09  Probe  
Tags
 
Add a new tag
Caveats
  • Supply blocks, unpowered buildings, or Contaminate may cause inaccurate times.
  • Supply counts are checked every 10 seconds.